BSA
VISTA PANTHERS @ FRESNO DEPLORABLES
04/07/2026
 
TOP OF THE 1ST
Vista Panthers batting - Pitching for Portland Cards : RHP Manuel Fuentes
Pitching: RHP Manuel Fuentes
Batting: LHB Francisco Marino 0-0: Ball
1-0: Ball
2-0: Called Strike
2-1: Ground out 5-3 (Groundball, 56)
Batting: LHB Jesús González 0-0: Swinging Strike
0-1: Ground out 4-3 (Groundball, 4M)
Batting: LHB Bob Cunningham 0-0: Swinging Strike
0-1: Ball
1-1: Ball
2-1: Ground out 1-3 (Groundball, 15S)
Top of the 1st over - 0 run(s), 0 hit(s), 0 error(s), 0 left on base; Vista 0 - Portland 0
BOTTOM OF THE 1ST
Portland Cards batting - Pitching for Vista Panthers : RHP Cris Rincón
Pitching: RHP Cris Rincón
Batting: LHB John Cotton 0-0: Fly out, F8 (Line Drive, 78D)
Batting: LHB Keith Beard 0-0: Ball
1-0: Swinging Strike
1-1: Ball
2-1: Foul Ball, location: 2F
2-2: Foul Ball, location: 2F
2-2: Foul Ball, location: 2F
2-2: Ground out 4-3 (Groundball, 4M)
Batting: LHB Jeff Daniels 0-0: Swinging Strike
0-1: Fly out, F8 (Line Drive, 8LD)
Bottom of the 1st over - 0 run(s), 0 hit(s), 0 error(s), 0 left on base; Vista 0 - Portland 0
TOP OF THE 2ND
Vista Panthers batting - Pitching for Portland Cards : RHP Manuel Fuentes
Batting: SHB Mark Wells 0-0: Ball
1-0: Called Strike
1-1: Ball
2-1: Called Strike
2-2: Strikes out swinging
Batting: RHB Roberto Cruz 0-0: Ball
1-0: Ball
2-0: Foul Ball, location: 2F
2-1: Ground out 6-3 (Groundball, 6MD)
Batting: RHB Javier Deleón 0-0: Foul Ball, location: 2F
0-1: Foul Ball, location: 2F
0-2: Strikes out swinging
Top of the 2nd over - 0 run(s), 0 hit(s), 0 error(s), 0 left on base; Vista 0 - Portland 0
BOTTOM OF THE 2ND
Portland Cards batting - Pitching for Vista Panthers : RHP Cris Rincón
Batting: LHB Paul Mullins 0-0: Ball
1-0: Fly out, F9 (Line Drive, 9M)
Batting: RHB Paco Arellano 0-0: Swinging Strike
0-1: Called Strike
0-2: Ball
1-2: SINGLE (Groundball, 4MD)
Batting: LHB Tom Blake 0-0: Ball
1-0: Called Strike
1-1: Ball
2-1: Called Strike
2-2: Ground out 1-3 (Groundball, 3S)
Paco Arellano to second
Batting: RHB Aaron Scott 0-0: Ball
1-0: Called Strike
1-1: Foul Ball, location: 2F
1-2: Foul Ball, location: 2F
1-2: Foul Ball, location: 2F
1-2: Ball
2-2: Ball
3-2: SINGLE (Line Drive, 9LS)
Paco Arellano to third
Paco Arellano scores
Batting: RHB Germán Rosales 0-0: Ball
1-0: SINGLE (Line Drive, 6M)
Aaron Scott to second
Runner from 2nd tries for 3rd, SAFE, throw made to third
Batting: RHB Dani Vázquez 0-0: Ball
1-0: Ball
2-0: Ball
3-0: Foul Ball, location: 2F
3-1: Swinging Strike
3-2: Foul Ball, location: 2F
3-2: Base on Balls
Germán Rosales to second
Batting: LHB John Cotton 0-0: Ground out 1-3 (Groundball, 25)
Bottom of the 2nd over - 1 run(s), 3 hit(s), 0 error(s), 3 left on base; Vista 0 - Portland 1
TOP OF THE 3RD
Vista Panthers batting - Pitching for Portland Cards : RHP Manuel Fuentes
Batting: RHB Shizue Chouda 0-0: Ball
1-0: Ball
2-0: Foul Ball, location: 2F
2-1: Foul Ball, location: 2F
2-2: Ball
3-2: Foul Ball, location: 2F
3-2: Ground out 5-3 (Groundball, 56S)
Batting: RHB Teddy Bates 0-0: Foul Ball, location: 2F
0-1: Foul Ball, location: 2F
0-2: Strikes out swinging
Batting: RHB Wilson López 0-0: Ball
1-0: Ball
2-0: Called Strike
2-1: Ball
3-1: Foul Ball, location: 2F
3-2: SINGLE (Line Drive, 7LS)
Batting: LHB Francisco Marino 0-0: Called Strike
Wilson López steals 2nd base
0-1: Foul Ball, location: 2F
0-2: Ball
1-2: Ball
2-2: Foul Ball, location: 2F
2-2: Strikes out swinging
Top of the 3rd over - 0 run(s), 1 hit(s), 0 error(s), 1 left on base; Vista 0 - Portland 1
BOTTOM OF THE 3RD
Portland Cards batting - Pitching for Vista Panthers : RHP Cris Rincón
Batting: LHB Keith Beard 0-0: Foul Ball, location: 2F
0-1: Ball
1-1: Bunt for hit - play at first, batter OUT! 1-3
Batting: LHB Jeff Daniels 0-0: Called Strike
0-1: Ball
1-1: SINGLE (Line Drive, 8LS)
Batting: LHB Paul Mullins 0-0: Ball
1-0: Fly out, F6 (Popup, 6MD)
Batting: RHB Paco Arellano 0-0: Called Strike
0-1: Ball
1-1: Foul Ball, location: 2F
1-2: Strikes out swinging
Bottom of the 3rd over - 0 run(s), 1 hit(s), 0 error(s), 1 left on base; Vista 0 - Portland 1
TOP OF THE 4TH
Vista Panthers batting - Pitching for Portland Cards : RHP Manuel Fuentes
Batting: LHB Jesús González 0-0: Foul Ball, location: 2F
0-1: Ground out 4-3 (Groundball, 4)
Batting: LHB Bob Cunningham 0-0: Called Strike
0-1: Ball
1-1: SINGLE (Groundball, 4M) (infield hit)
Batting: SHB Mark Wells 0-0: Foul Ball, location: 2F
0-1: Foul Ball, location: 2F
0-2: Foul Ball, location: 2F
0-2: Grounds into double play, 6-4-3 (Groundball, 6M)
Top of the 4th over - 0 run(s), 1 hit(s), 0 error(s), 0 left on base; Vista 0 - Portland 1
BOTTOM OF THE 4TH
Portland Cards batting - Pitching for Vista Panthers : RHP Cris Rincón
Batting: LHB Tom Blake 0-0: SINGLE (Groundball, 15S) (infield hit)
Batting: RHB Aaron Scott 0-0: 2-RUN HOME RUN (Flyball, 89XD), Distance : 365 ft
Batting: RHB Germán Rosales 0-0: Ball
1-0: Ball
2-0: Ball
3-0: Base on Balls
Batting: RHB Dani Vázquez 0-0: Ball
1-0: Ball
2-0: Ball
3-0: Called Strike
3-1: Base on Balls
Germán Rosales to second
Batting: LHB John Cotton 0-0: Ball
1-0: Swinging Strike
1-1: Called Strike
1-2: Foul Ball, location: 2F
1-2: Ball
2-2: Ball
3-2: Base on Balls
Germán Rosales to third
Dani Vázquez to second
Batting: LHB Keith Beard 0-0: Called Strike
0-1: Ball
1-1: Ball
2-1: Foul Ball, location: 2F
2-2: SINGLE (Line Drive, 4MD)
Germán Rosales scores
Dani Vázquez to third
John Cotton to second
Batting: LHB Jeff Daniels 0-0: Called Strike
0-1: Swinging Strike
0-2: DOUBLE (Line Drive, 5D)
Dani Vázquez scores
John Cotton scores
Keith Beard to third
Batting: LHB Paul Mullins 0-0: Called Strike
0-1: Called Strike
0-2: Strikes out swinging
Batting: RHB Paco Arellano 0-0: Called Strike
0-1: Ball
1-1: Ball
2-1: Foul Ball, location: 2F
2-2: SINGLE (Groundball, 56D)
Keith Beard scores
Jeff Daniels to third
Pitching: LHP Tomiji Takuda
Batting: LHB Tom Blake 0-0: Called Strike
0-1: Ball
1-1: Swinging Strike
1-2: Foul Ball, location: 2F
1-2: Ball
2-2: Fly out, F8 (Flyball, 8LM)
Runner from 3rd tags up, SCORES, throw made
Batting: RHB Aaron Scott 0-0: Foul Ball, location: 2F
0-1: Ball
1-1: Swinging Strike
1-2: Foul Ball, location: 2F
1-2: Ball
2-2: Ball
3-2: DOUBLE (Line Drive, 3L)
Paco Arellano to third
Paco Arellano scores
Batting: RHB Germán Rosales 0-0: Called Strike
0-1: Called Strike
0-2: Ball
1-2: Ball
2-2: Strikes out swinging
Bottom of the 4th over - 8 run(s), 6 hit(s), 0 error(s), 1 left on base; Vista 0 - Portland 9
TOP OF THE 5TH
Vista Panthers batting - Pitching for Portland Cards : RHP Manuel Fuentes
Batting: RHB Roberto Cruz 0-0: Ground out 5-3 (Groundball, 5)
Batting: RHB Javier Deleón 0-0: Called Strike
0-1: Foul Ball, location: 2F
0-2: Foul Ball, location: 2F
0-2: Foul Ball, location: 2F
0-2: Ball
1-2: Ball
2-2: Strikes out swinging
Batting: RHB Shizue Chouda 0-0: Ground out 6-3 (Groundball, 6M)
Top of the 5th over - 0 run(s), 0 hit(s), 0 error(s), 0 left on base; Vista 0 - Portland 9
BOTTOM OF THE 5TH
Portland Cards batting - Pitching for Vista Panthers : LHP Tomiji Takuda
Batting: RHB Dani Vázquez 0-0: Ball
1-0: Foul Ball, location: 2F
1-1: Ball
2-1: Ball
3-1: Foul Ball, location: 2F
3-2: Ground out 5-3 (Groundball, 5)
Batting: LHB John Cotton 0-0: Foul Ball, location: 2F
0-1: SINGLE (Groundball, 56)
Batting: LHB Keith Beard 0-0: Called Strike
0-1: Foul Ball, location: 2F
0-2: Foul Ball, location: 2F
0-2: Ground out 3-1 (Groundball, 34)
John Cotton to second
Batting: LHB Jeff Daniels 0-0: Swinging Strike
0-1: Foul Ball, location: 2F
0-2: Foul Ball, location: 2F
0-2: Ball
1-2: Strikes out looking
Bottom of the 5th over - 0 run(s), 1 hit(s), 0 error(s), 1 left on base; Vista 0 - Portland 9
TOP OF THE 6TH
Vista Panthers batting - Pitching for Portland Cards : RHP Manuel Fuentes
Batting: RHB Teddy Bates 0-0: Ball
1-0: Called Strike
1-1: Fly out, F8 (Flyball, 8LM)
Batting: RHB Wilson López 0-0: Ball
1-0: Called Strike
1-1: Ball
2-1: Fly out, F5 (Flyball, 56)
Batting: LHB Francisco Marino 0-0: Called Strike
0-1: Foul Ball, location: 2F
0-2: Foul Ball, location: 2F
0-2: Ball
1-2: Strikes out swinging
Top of the 6th over - 0 run(s), 0 hit(s), 0 error(s), 0 left on base; Vista 0 - Portland 9
BOTTOM OF THE 6TH
Portland Cards batting - Pitching for Vista Panthers : LHP Tomiji Takuda
Batting: LHB Paul Mullins 0-0: Swinging Strike
0-1: Fly out, F9 (Line Drive, 9D)
Batting: RHB Paco Arellano 0-0: Ball
1-0: Ball
2-0: Ball
3-0: Called Strike
3-1: Foul Ball, location: 2F
3-2: SINGLE (Groundball, 34D)
Batting: LHB Tom Blake 0-0: Swinging Strike
0-1: Called Strike
0-2: Ball
1-2: Ball
2-2: Fly out, F8 (Flyball, 78XD)
Pitching: LHP Mario Tobías
Batting: RHB Aaron Scott 0-0: Foul Ball, location: 2F
0-1: Foul Ball, location: 2F
0-2: Ball
1-2: Fly out, F3 (Popup, 3DF)
Bottom of the 6th over - 0 run(s), 1 hit(s), 0 error(s), 1 left on base; Vista 0 - Portland 9
TOP OF THE 7TH
Vista Panthers batting - Pitching for Portland Cards : RHP Manuel Fuentes
Pitching: LHP Juan Ortíz
Batting: LHB Jesús González 0-0: Swinging Strike
0-1: Ball
1-1: Ball
2-1: Swinging Strike
2-2: Strikes out swinging
Batting: LHB Bob Cunningham 0-0: Called Strike
0-1: Ground out 4-3 (Groundball, 4)
Batting: SHB Mark Wells 0-0: Swinging Strike
0-1: SINGLE (Line Drive, 6M)
Batting: RHB Roberto Cruz 0-0: Ball
1-0: Ball
2-0: Ball
3-0: Base on Balls
Mark Wells to second
Batting: RHB Javier Deleón 0-0: Foul Ball, location: 2F
0-1: Ball
1-1: SINGLE (Groundball, 6MD)
Mark Wells to third
Roberto Cruz to second
Runner from 3rd tries for Home, SAFE, no throw or cutoff
Batting: RHB Shizue Chouda 0-0: Called Strike
0-1: Ball
1-1: Ball
2-1: Ball
3-1: Base on Balls
Roberto Cruz to third
Javier Deleón to second
Batting: RHB Teddy Bates 0-0: Ball
1-0: Ball
2-0: Foul Ball, location: 2F
2-1: Swinging Strike
2-2: Strikes out swinging
Top of the 7th over - 1 run(s), 2 hit(s), 0 error(s), 3 left on base; Vista 1 - Portland 9
BOTTOM OF THE 7TH
Portland Cards batting - Pitching for Vista Panthers : LHP Mario Tobías
Batting: RHB Germán Rosales 0-0: Ball
1-0: Foul Ball, location: 2F
1-1: Called Strike
1-2: Ball
2-2: Foul Ball, location: 2F
2-2: Foul Ball, location: 2F
2-2: Ball
3-2: Foul Ball, location: 2F
3-2: Strikes out swinging
Batting: RHB Dani Vázquez 0-0: Ground out 6-3 (Groundball, 6)
Batting: LHB John Cotton 0-0: Ball
1-0: Ball
2-0: Fly out, F7 (Flyball, 78S)
Bottom of the 7th over - 0 run(s), 0 hit(s), 0 error(s), 0 left on base; Vista 1 - Portland 9
TOP OF THE 8TH
Vista Panthers batting - Pitching for Portland Cards : LHP Juan Ortíz
Now at 3B: Bartolo Quiñones
Batting: RHB Wilson López 0-0: Called Strike
0-1: Ball
1-1: Foul Ball, location: 2F
1-2: Fly out, F8 (Flyball, 8RM)
Batting: LHB Francisco Marino 0-0: Ball
1-0: Swinging Strike
1-1: Ball
2-1: Swinging Strike
2-2: Ball
3-2: Strikes out swinging
Batting: LHB Jesús González 0-0: Ball
1-0: SINGLE (Flyball, 8LS)
Batting: LHB Bob Cunningham 0-0: SINGLE (Line Drive, 7LS)
Jesús González to second
Batting: SHB Mark Wells 0-0: Ground out 6-3 (Groundball, 6)
Top of the 8th over - 0 run(s), 2 hit(s), 0 error(s), 2 left on base; Vista 1 - Portland 9
BOTTOM OF THE 8TH
Portland Cards batting - Pitching for Vista Panthers : LHP Mario Tobías
Batting: LHB Keith Beard 0-0: Foul Ball, location: 2F
0-1: Ground out 3-1 (Groundball, 34S)
Batting: LHB Jeff Daniels 0-0: Ball
1-0: Ground out 5-3 (Groundball, 56S)
Batting: LHB Paul Mullins 0-0: Ball
1-0: Swinging Strike
1-1: Ball
2-1: Foul Ball, location: 2F
2-2: Foul Ball, location: 2F
2-2: Ball
3-2: SOLO HOME RUN (Flyball, 7D), Distance : 366 ft
Batting: RHB Paco Arellano 0-0: Called Strike
0-1: Ground out 5-3 (Groundball, 56S)
Bottom of the 8th over - 1 run(s), 1 hit(s), 0 error(s), 0 left on base; Vista 1 - Portland 10
TOP OF THE 9TH
Vista Panthers batting - Pitching for Portland Cards : LHP Juan Ortíz
Batting: RHB Roberto Cruz 0-0: Called Strike
0-1: Ball
1-1: Fly out, F7 (Flyball, 78M)
Batting: RHB Javier Deleón 0-0: Ball
1-0: Ball
2-0: Ball
3-0: Base on Balls
Batting: RHB Shizue Chouda 0-0: DOUBLE (Flyball, 89D)
Javier Deleón to third
Runner from 3rd tries for Home, SAFE, throw made home
Batting: RHB Teddy Bates 0-0: Foul Ball, location: 2F
0-1: Ball
1-1: Foul Ball, location: 2F
1-2: Strikes out swinging
Batting: RHB Wilson López 0-0: Ball
1-0: Swinging Strike
1-1: SINGLE (Groundball, 56D)
Shizue Chouda to third
Runner from 3rd tries for Home, SAFE, no throw or cutoff
Batting: LHB Francisco Marino 0-0: Called Strike
0-1: Ball
1-1: Fielders Choice at 2nd, 5-4 (Groundball, 56)
Top of the 9th over - 2 run(s), 2 hit(s), 0 error(s), 0 left on base; Vista 3 - Portland 10
Monday, December 5th, 2016 - OOTP Baseball 17.12 Build 75